 Dungeon Crawl Stone Soup version 0.29.0-4-gdea44cf6ec (webtiles) character file.

Game seed: 11184328612715389363

116 qw the Chopper (level 5, -1/30 HPs)
             Began as a Tengu Warper on Aug 28, 2022.
             Slain by Edmund
             ... wielding a +2 antimagic dire flail
              (6 damage)
             ... on level 5 of the Dungeon.
             The game lasted 00:00:15 (2798 turns).

qw the Chopper (Tengu Warper)                       Turns: 2798, Time: 00:00:15

Health: -1/30      AC: 12    Str: 13    XL:     5   Next: 1%
Magic:  0/9        EV:  0    Int: 13    God:
Gold:   206        SH: 12    Dex: 14    Spells: 8/8 levels left

rFire   . . .      SeeInvis .   Y - +0 war axe
rCold   . . .      Faith    .   c - +0 tower shield
rNeg    . . .      Spirit   .   j - +0 plate armour
rPois   .          Reflect  .   (helmet restricted)
rElec   .          Harm     .   (no cloak)
rCorr   .          Rampage  .   k - +1 pair of gloves
Will    .....                   (boots unavailable)
Stlth   ..........              (no amulet)
HPRegen 0.10/turn               (no ring)
MPRegen 0.11/turn               (no ring)

@: flying quickly and evasively, quick
A: beak, talons 3, nimble flight
a: no special abilities


You were on level 5 of the Dungeon.
You visited 1 branch of the dungeon, and saw 5 of its levels.

You collected 206 gold pieces.


Innate Abilities, Weirdness & Mutations

You have a beak for a mouth.
You have claws for feet.
Your magical nature lets you fly swiftly and evasively.


   Skills:
 - Level 2.0 Fighting
 - Level 4.0 Axes
 - Level 1.0 Throwing
 - Level 1.1 Armour
 - Level 2.1 Dodging
 + Level 3.2 Shields
 - Level 2.0 Spellcasting
 - Level 2.4 Translocations


You had 8 spell levels left.
You didn't know any spells.
Your spell library contained the following spells:

 Spells                   Type           Power      Damage    Failure   Level
 Blink                    Tloc           14%        N/A       100%        2
 Gell's Gravitas          Tloc           7%         N/A       100%        3
 Lesser Beckoning         Tloc           7%         N/A       100%        3
 Teleport Other           Tloc           7%         N/A       100%        3
 Manifold Assault         Tloc           7%         N/A       100%        5

Inventory:

Hand Weapons
 q - a +0 whip
 Y - a +0 war axe (weapon)
Armour
 c - a +0 tower shield (worn)
 j - a +0 plate armour (worn)
 k - a +1 pair of gloves (worn)
Jewellery
 f - a ring of fire
Scrolls
 a - a scroll of identify
Potions
 d - a potion of haste
 g - a potion of might {unknown}
 h - a potion of invisibility {unknown}
 m - a potion of curing
 o - a potion of attraction {unknown}
 p - a potion of brilliance {unknown}

Dungeon Overview and Level Annotations

Branches:
Dungeon (5/15)
 Temple: D:4-7

Altars:
Gozag
Sif Muna
Uskayaw

Annotations:
D:5 Edmund


Message History

Edmund hits you with a +2 antimagic dire flail.
You hit Edmund but do no damage. You claw Edmund. You peck Edmund.
Edmund is heavily wounded.
You block Edmund's attack.
You hit Edmund. You claw Edmund, but do no damage.
Edmund is heavily wounded.
Edmund hits you with a +2 antimagic dire flail. x2
2790 ||| DRINKING potion of heal wounds.
You feel much better.
Edmund hits you with a +2 antimagic dire flail!
You barely miss Edmund. Your peck misses Edmund.
Edmund is heavily wounded.
Edmund hits you with a +2 antimagic dire flail!
You feel your power leaking away. Edmund hits you but does no damage.
You hit Edmund.
Edmund is heavily wounded.
Edmund hits you but does no damage.
You barely miss Edmund.
Edmund is heavily wounded.
You block Edmund's attack. x2
You hit Edmund. You claw Edmund, but do no damage.
Edmund is severely wounded.
You block Edmund's attack.
Edmund hits you with a +2 antimagic dire flail!
You hit Edmund. You claw Edmund, but do no damage.
Edmund is severely wounded.
You block Edmund's attack.
You slash Edmund! Your peck misses Edmund.
Edmund is almost dead.
You block Edmund's attack. Edmund hits you but does no damage.
You hit Edmund but do no damage. You claw Edmund, but do no damage.
Edmund is almost dead.
You block Edmund's attack.
Edmund hits you with a +2 antimagic dire flail.
You feel your power leaking away.
You barely miss Edmund.
Edmund is almost dead.
Edmund hits you with a +2 antimagic dire flail.
You die...

### ..#
#####
########.#
#..<#
.......#.###
#.###
......@@..>#
#.#
#....#.#.#.#
#.# #.#
...#.#.# #.#
#..###.#.#
#.# #..
#.#)#####.#
...
#.........#
..#
###.#######
.. #.# #.#


You could see Edmund.

Vanquished Creatures
  An iguana (D:3)
  4 adders
  An ufetubus (D:5)
  2 dart slugs
  3 orcs
  6 endoplasms
  2 giant cockroaches
  3 goblins
  7 hobgoblins
  2 kobolds
  3 quokkas
  A ball python (D:1)
  3 bats (D:1)
  3 frilled lizards
  A rat (D:2)
42 creatures vanquished.

Notes
Turn   | Place    | Note
-------+----------+-------------------------------------------
     0 | D:1      | qw the Tengu Warper began the quest for the Orb.
     0 | D:1      | Reached XP level 1. HP: 12/12 MP: 4/4
     0 | D:1      | 0 ||| qw: Version: 0.1-a-89-g26bdef1
     0 | D:1      | 0 ||| qw: Game counter: 2649
     0 | D:1      | 0 ||| qw: Always use a shield: true
     0 | D:1      | 0 ||| qw: God list: Okawaru
     0 | D:1      | 0 ||| qw: Allow faded altars: false
     0 | D:1      | 0 ||| qw: Do Orc after D:15 true
     0 | D:1      | 0 ||| qw: Do second Lair branch before Depths: true
     0 | D:1      | 0 ||| qw: Lair rune preference: random
     0 | D:1      | 0 ||| qw: Plans: Normal
     0 | D:1      | 0 ||| PLANNING D:1-11
   475 | D:1      | Reached XP level 2. HP: 17/17 MP: 6/6
   585 | D:1      | Reached skill level 3 in Axes
   765 | D:1      | 765 ||| READING 2 scrolls labelled UFAD TAZXAITE.
   766 | D:1      | 766 ||| READING scroll labelled POGUWU JACI.
   767 | D:1      | 767 ||| READING scroll labelled DAMINI AXZUSM.
   768 | D:1      | 768 ||| DROPPING scroll of blinking.
   828 | D:2      | Found an opulent altar of Gozag.
  1005 | D:2      | Reached XP level 3. HP: 20/21 MP: 7/7
  1096 | D:2      | 1096 ||| DROPPING +0 club.
  1119 | D:2      | Reached skill level 4 in Axes
  1312 | D:2      | 1312 ||| UPGRADING to +0 tower shield.
  1317 | D:2      | 1317 ||| DROPPING ring of magical power.
  1318 | D:2      | 1318 ||| READING 2 scrolls labelled INABBISOARCH.
  1319 | D:2      | 1319 ||| READING scroll labelled YFREVA FUACSI.
  1320 | D:2      | 1320 ||| READING scroll labelled OKKUCSEMUS.
  1323 | D:2      | 1323 ||| DRINKING 2 fizzy sapphire potions.
  1324 | D:2      | 1324 ||| DROPPING potion of flight.
  1459 | D:3      | Found a shimmering blue altar of Sif Muna.
  1532 | D:3      | Reached skill level 1 in Shields
  1532 | D:3      | Reached XP level 4. HP: 26/26 MP: 8/8
  1537 | D:3      | Found a faded altar of an unknown god.
  1621 | D:3      | Found a hide-covered altar of Uskayaw.
  1758 | D:3      | 1758 ||| UPGRADING to +0 pair of gloves.
  1763 | D:3      | 1763 ||| UPGRADING to +0 ring mail.
  1773 | D:3      | 1773 ||| DROPPING +0 leather armour.
  1774 | D:3      | 1774 ||| READING scroll of enchant armour.
  1774 | D:3      | 1774 ||| ENCHANTING +0 pair of gloves.
  1775 | D:3      | 1775 ||| DRINKING 2 sedimented orange potions.
  1879 | D:3      | 1879 ||| READING 3 scrolls of identify.
  1879 | D:3      | 1879 ||| IDENTIFYING murky dark potion
  1880 | D:3      | 1880 ||| READING 2 scrolls of identify.
  1880 | D:3      | 1880 ||| IDENTIFYING amethyst potion
  1881 | D:3      | 1881 ||| DROPPING potion of lignification.
  1882 | D:3      | 1882 ||| DROPPING potion of berserk rage.
  2209 | D:4      | 2209 ||| Stepping ~*~*~tactically~*~*~ (hiding).
  2224 | D:4      | 2224 ||| Stepping ~*~*~tactically~*~*~ (stealth).
  2226 | D:4      | 2226 ||| Stepping ~*~*~tactically~*~*~ (hiding).
  2296 | D:4      | 2296 ||| SWAPPING to +0 war axe.
  2303 | D:4      | 2303 ||| DROPPING +0 spectral hand axe.
  2403 | D:4      | 2403 ||| Stepping ~*~*~tactically~*~*~ (stealth).
  2404 | D:4      | 2404 ||| Stepping ~*~*~tactically~*~*~ (stealth).
  2710 | D:4      | 2710 ||| UPGRADING to +0 plate armour.
  2720 | D:4      | 2720 ||| DROPPING +0 ring mail.
  2721 | D:4      | 2721 ||| READING scroll labelled YFUP RAINT.
  2722 | D:4      | 2722 ||| READING scroll labelled CAPLIE SUILU.
  2723 | D:4      | 2723 ||| DRINKING 2 fizzy yellow potions.
  2724 | D:4      | 2724 ||| READING 2 scrolls of identify.
  2724 | D:4      | 2724 ||| IDENTIFYING sedimented coppery potion
  2746 | D:5      | Entered Level 5 of the Dungeon
  2773 | D:5      | 2773 ||| Stepping ~*~*~tactically~*~*~ (stealth).
  2775 | D:5      | Noticed Edmund
  2777 | D:5      | Reached skill level 3 in Shields
  2782 | D:5      | Gained mutation: Your magical nature lets you fly swiftly
                  | and evasively. [Tengu growth]
  2782 | D:5      | Reached XP level 5. HP: 22/30 MP: 7/9
  2786 | D:5      | HP: 2/30 [Edmund/+2 antimagic dire flail (7)]
  2787 | D:5      | 2787 ||| DRINKING 2 potions of heal wounds.
  2790 | D:5      | 2790 ||| DRINKING potion of heal wounds.
  2794 | D:5      | HP: 7/30 [Edmund/+2 antimagic dire flail (8)]
  2798 | D:5      | Slain by Edmund

Levels and vault maps discovered:
D:1:      dreamdust_arrival_sigmund_warning, layout_loops_cross,
          chequers_serial_rivers_small_3
D:2:      layout_basic, serial_aquarium, aquarium_bridge_long_separate
          [aquarium_subvault_wall, aquarium_subvault_bridge,
          aquarium_subvault_bridge, aquarium_subvault_wall,
          aquarium_subvault_bridge, aquarium_subvault_window],
          aquarium_bridge_straight [aquarium_subvault_bridge,
          aquarium_subvault_wall, aquarium_subvault_bridge,
          aquarium_subvault_window], aquarium_window_fake, aquarium_window_fake,
          aquarium_window_corridor_2, aquarium_view_2c, basic_altar
D:3:      wander_river, layout_rooms, nicolae_uskayaw_dance_hall,
          mainiacjoe_overflow_small_starburst,
          hellmonk_ecumenical_altar_heavens_door
D:4:      layout_basic
D:5:      layout_basic, nemelex_dance_club_becter, minmay_shop_damaged,
          hangedman_decor_push, uniq_blork_the_orc, uniq_edmund

Skill      XL: |  1  2  3  4 |
---------------+-------------+-----
Axes           | 3 4 |  4.0
Shields        | 1 3 |  3.2
Fighting       | |  2.0
Throwing       | |  1.0
Armour         | |  1.1
Dodging        | |  2.1
Spellcasting   | |  2.0
Translocations | |  2.4

Action                   |  1- 3 |  4- 6 || total
-------------------------+-------+-------++-------
Melee: Hand axe          |    39 |    19 ||    58
       Kick              |     6 |    14 ||    20
       Peck              |     4 |    10 ||    14
       War axe           |       |    39 ||    39
Throw: Boomerang         |     7 |       ||     7
  Use: Scroll            |     6 |     6 ||    12
       Potion            |     1 |     4 ||     5
Armor: Leather armour    |    10 |       ||    10
       Plate armour      |       |    23 ||    23
       Ring mail         |       |     9 ||     9
Dodge: Dodged            |    12 |     2 ||    14
Block: Tower shield      |     1 |    42 ||    43

Table legend:
 A = Non-vault XP
 B = Vault XP
 C = Vault XP percentage of total XP
 D = Non-vault monster count
 E = Vault monster count
 F = Vault count percentage of total count
                 A         B        C        D         E       F
            +---------+---------+-------+---------+---------+-------
      Total |     167 |       0 |   0.0 |      42 |       0 |   0.0
            +---------+---------+-------+---------+---------+-------
        D:1 |      15 |       0 |   0.0 |      10 |       0 |   0.0
        D:2 |      30 |       0 |   0.0 |       9 |       0 |   0.0
        D:3 |      64 |       0 |   0.0 |      10 |       0 |   0.0
        D:4 |      34 |       0 |   0.0 |      10 |       0 |   0.0
        D:5 |      24 |       0 |   0.0 |       3 |       0 |   0.0
            +---------+---------+-------+---------+---------+-------
